PA
GALESBURG GUZZLERS @ WALLA WALLA WALLEYE
07/16/2033
 
TOP OF THE 1ST
Galesburg Guzzlers batting - Pitching for Walla Walla Walleye : LHP Greguorio Espora
Pitching: LHP Greguorio Espora
Batting: RHB Mei Kim 0-0: Ball
1-0: Foul Ball, location: 2F
1-1: Foul Ball, location: 2F
1-2: Foul Ball, location: 2F
1-2: Foul Ball, location: 2F
1-2: Ball
2-2: Ball
3-2: Strikes out looking
Batting: LHB Kensaku Hatayama 0-0: Ball
1-0: Foul Ball, location: 2F
1-1: Foul Ball, location: 2F
1-2: Ball
2-2: Ball
3-2: Strikes out looking
Batting: RHB Karl Wade 0-0: Called Strike
0-1: Foul Ball, location: 2F
0-2: Foul Ball, location: 2F
0-2: Ball
1-2: Foul Ball, location: 2F
1-2: Foul Ball, location: 2F
1-2: Ball
2-2: Ball
3-2: Base on Balls
Batting: RHB Gianni Martin 0-0: Called Strike
0-1: Foul Ball, location: 2F
0-2: SINGLE (Line Drive, 34D)
Karl Wade to second
Runner from 2nd tries for 3rd, SAFE, no throw
Batting: RHB Nestor Tantoco 0-0: Called Strike
0-1: Ball
1-1: Ball
2-1: Fly out, F9 (Flyball, 9LS)
Top of the 1st over - 0 runs, 1 hit, 0 errors, 2 left on base; Galesburg 0 - Walla Walla 0
BOTTOM OF THE 1ST
Walla Walla Walleye batting - Pitching for Galesburg Guzzlers : RHP Armando González
Pitching: RHP Armando González
Batting: RHB William Morgan 0-0: SINGLE (Line Drive, 6MD)
Pitching: LHP Jung-won Ping
Batting: RHB Oliver Villalva 0-0: Called Strike
0-1: Swinging Strike
0-2: Ball
1-2: Strikes out looking
Batting: LHB Andrés Rodríguez 0-0: Foul Ball, location: 2F
0-1: Ball
1-1: Fly out, F6 (Line Drive, 6)
Batting: LHB José Román 0-0: Ball
1-0: Swinging Strike
1-1: Ball
2-1: Foul Ball, location: 2F
2-2: Ground out 4-3 (Groundball, 4)
Bottom of the 1st over - 0 runs, 1 hit, 0 errors, 1 left on base; Galesburg 0 - Walla Walla 0
TOP OF THE 2ND
Galesburg Guzzlers batting - Pitching for Walla Walla Walleye : LHP Greguorio Espora
Batting: RHB Jack Stidston 0-0: Called Strike
0-1: Foul Ball, location: 2F
0-2: Ball
1-2: Ball
2-2: Foul Ball, location: 2F
2-2: Foul Ball, location: 2F
2-2: Foul Ball, location: 2F
2-2: Foul Ball, location: 2F
2-2: Fly out, F7 (Flyball, 7S)
Batting: RHB Daniel Carr 0-0: Foul Ball, location: 2F
0-1: Ball
1-1: Called Strike
1-2: Strikes out swinging, 2-3 out at first.
Batting: LHB Henk van Aardschot 0-0: Swinging Strike
0-1: Ball
1-1: Ball
2-1: Foul Ball, location: 2F
2-2: Strikes out looking
Top of the 2nd over - 0 runs, 0 hits, 0 errors, 0 left on base; Galesburg 0 - Walla Walla 0
BOTTOM OF THE 2ND
Walla Walla Walleye batting - Pitching for Galesburg Guzzlers : LHP Jung-won Ping
Batting: LHB Juan Huerta 0-0: Called Strike
0-1: Foul Ball, location: 2F
0-2: Strikes out swinging
Batting: RHB Raúl Maradona 0-0: Ball
1-0: Ball
2-0: Called Strike
2-1: Swinging Strike
2-2: Ball
3-2: Foul Ball, location: 2F
3-2: Base on Balls
Batting: RHB William Harper 0-0: Ball
1-0: Called Strike
1-1: Ball
2-1: Foul Ball, location: 2F
2-2: Ball
3-2: Grounds into double play, 6-4-3 (Groundball, 6)
Bottom of the 2nd over - 0 runs, 0 hits, 0 errors, 0 left on base; Galesburg 0 - Walla Walla 0
TOP OF THE 3RD
Galesburg Guzzlers batting - Pitching for Walla Walla Walleye : LHP Greguorio Espora
Batting: SHB Louie Vipont 0-0: Foul Ball, location: 2F
0-1: Called Strike
0-2: Ball
1-2: Ball
2-2: Strikes out swinging, 2-3 out at first.
Batting: RHB Mei Kim 0-0: Ball
1-0: Foul Ball, location: 2F
1-1: Foul Ball, location: 2F
1-2: Ball
2-2: Foul Ball, location: 2F
2-2: SINGLE (Line Drive, 8RS)
Batting: LHB Kensaku Hatayama 0-0: Called Strike
Mei Kim steals 2nd base
0-1: Ball
1-1: Foul Ball, location: 2F
1-2: Foul Ball, location: 2F
1-2: Strikes out swinging
Batting: RHB Karl Wade 0-0: Foul Ball, location: 2F
0-1: Foul Ball, location: 2F
0-2: Ball
1-2: Ball
2-2: Foul Ball, location: 2F
2-2: Ball
3-2: Strikes out swinging
Top of the 3rd over - 0 runs, 1 hit, 0 errors, 1 left on base; Galesburg 0 - Walla Walla 0
BOTTOM OF THE 3RD
Walla Walla Walleye batting - Pitching for Galesburg Guzzlers : LHP Jung-won Ping
Batting: RHB Gustavo Ortíz 0-0: Foul Ball, location: 2F
0-1: Swinging Strike
0-2: Ball
1-2: Foul Ball, location: 2F
1-2: Strikes out swinging
Batting: SHB Jamie Herrera 0-0: Called Strike
0-1: Ball
1-1: Swinging Strike
1-2: Strikes out looking
Batting: RHB William Morgan 0-0: Ball
1-0: Ball
2-0: Called Strike
2-1: Fly out, F5 (Line Drive, 5)
Bottom of the 3rd over - 0 runs, 0 hits, 0 errors, 0 left on base; Galesburg 0 - Walla Walla 0
TOP OF THE 4TH
Galesburg Guzzlers batting - Pitching for Walla Walla Walleye : LHP Greguorio Espora
Batting: RHB Gianni Martin 0-0: Fly out, F8 (Line Drive, 8LXD)
Batting: RHB Nestor Tantoco 0-0: Called Strike
0-1: Swinging Strike
0-2: Ball
1-2: Ball
2-2: Ball
3-2: Strikes out swinging
Batting: RHB Jack Stidston 0-0: Ball
1-0: Ground out 4-3 (Groundball, 4)
Top of the 4th over - 0 runs, 0 hits, 0 errors, 0 left on base; Galesburg 0 - Walla Walla 0
BOTTOM OF THE 4TH
Walla Walla Walleye batting - Pitching for Galesburg Guzzlers : LHP Jung-won Ping
Batting: RHB Oliver Villalva 0-0: Called Strike
0-1: Bunt for hit - play at first, batter OUT! 1-3
Batting: LHB Andrés Rodríguez 0-0: Called Strike
0-1: Called Strike
0-2: Ball
1-2: Ground out 5-3 (Groundball, 56S)
Batting: LHB José Román 0-0: Ball
1-0: Ball
2-0: Ball
3-0: Called Strike
3-1: Called Strike
3-2: DOUBLE (Line Drive, 9LM)
Batting: LHB Juan Huerta 0-0: Fly out, F8 (Flyball, 8LS)
Bottom of the 4th over - 0 runs, 1 hit, 0 errors, 1 left on base; Galesburg 0 - Walla Walla 0
TOP OF THE 5TH
Galesburg Guzzlers batting - Pitching for Walla Walla Walleye : LHP Greguorio Espora
Batting: RHB Daniel Carr 0-0: Ball
1-0: Swinging Strike
1-1: Foul Ball, location: 2F
1-2: Foul Ball, location: 2F
1-2: Ball
2-2: Strikes out swinging
Batting: LHB Henk van Aardschot 0-0: Foul Ball, location: 2F
0-1: Ball
1-1: Ball
2-1: Foul Ball, location: 2F
2-2: Foul Ball, location: 2F
2-2: Fly out, F8 (Flyball, 8RM)
Batting: SHB Louie Vipont 0-0: Called Strike
0-1: Ground out 6-3 (Groundball, 6)
Top of the 5th over - 0 runs, 0 hits, 0 errors, 0 left on base; Galesburg 0 - Walla Walla 0
BOTTOM OF THE 5TH
Walla Walla Walleye batting - Pitching for Galesburg Guzzlers : LHP Jung-won Ping
Batting: RHB Raúl Maradona 0-0: Swinging Strike
0-1: Ball
1-1: Swinging Strike
1-2: Strikes out swinging
Batting: RHB William Harper 0-0: Ball
1-0: Ground out 6-3 (Groundball, 6M)
Batting: RHB Gustavo Ortíz 0-0: Called Strike
0-1: Foul Ball, location: 2F
0-2: Foul Ball, location: 2F
0-2: Fly out, F8 (Line Drive, 89M)
Bottom of the 5th over - 0 runs, 0 hits, 0 errors, 0 left on base; Galesburg 0 - Walla Walla 0
TOP OF THE 6TH
Galesburg Guzzlers batting - Pitching for Walla Walla Walleye : LHP Greguorio Espora
Batting: RHB Mei Kim 0-0: Ball
1-0: Called Strike
1-1: SINGLE (Groundball, 6MD)
Batting: LHB Kensaku Hatayama 0-0: Called Strike
Mei Kim steals 2nd base
0-1: Foul Ball, location: 2F
0-2: Ball
1-2: Ball
2-2: Strikes out swinging
Pitching: RHP Art Manning
Batting: RHB Karl Wade 0-0: Ball
1-0: Foul Ball, location: 2F
1-1: Foul Ball, location: 2F
1-2: Ball
2-2: Ball
3-2: Fly out, F9 (Flyball, 89D)
Runner from 2nd tags up, SAFE at 3rd, no throw
Batting: RHB Gianni Martin 0-0: Ball
1-0: Ball
2-0: Swinging Strike
2-1: Swinging Strike
2-2: Ground out 6-3 (Groundball, 6)
Top of the 6th over - 0 runs, 1 hit, 0 errors, 1 left on base; Galesburg 0 - Walla Walla 0
BOTTOM OF THE 6TH
Walla Walla Walleye batting - Pitching for Galesburg Guzzlers : LHP Jung-won Ping
Batting: SHB Jamie Herrera 0-0: Fly out, F8 (Flyball, 78D)
Batting: RHB William Morgan 0-0: Ball
1-0: Foul Ball, location: 2F
1-1: Ground out 5-3 (Groundball, 56S)
Batting: RHB Oliver Villalva 0-0: Ball
1-0: Foul Ball, location: 2F
1-1: Called Strike
1-2: Strikes out swinging
Bottom of the 6th over - 0 runs, 0 hits, 0 errors, 0 left on base; Galesburg 0 - Walla Walla 0
TOP OF THE 7TH
Galesburg Guzzlers batting - Pitching for Walla Walla Walleye : RHP Art Manning
Batting: RHB Nestor Tantoco 0-0: Ball
1-0: Ball
2-0: Ball
3-0: Base on Balls
Batting: RHB Jack Stidston 0-0: Sac Bunt - play at first, batter OUT! 1-3
Nestor Tantoco to second
Batting: RHB Daniel Carr 0-0: Ball
1-0: Ball
2-0: Foul Ball, location: 2F
2-1: SINGLE (Groundball, 4S) (infield hit)
Nestor Tantoco to third
Batting: LHB Henk van Aardschot 0-0: Called Strike
0-1: Swinging Strike
0-2: Ball
1-2: Strikes out looking
Batting: SHB Louie Vipont 0-0: Fielders Choice at 2nd, 6-4 (Groundball, 6)
Top of the 7th over - 0 runs, 1 hit, 0 errors, 2 left on base; Galesburg 0 - Walla Walla 0
BOTTOM OF THE 7TH
Walla Walla Walleye batting - Pitching for Galesburg Guzzlers : LHP Jung-won Ping
Batting: LHB Andrés Rodríguez 0-0: Called Strike
0-1: Foul Ball, location: 2F
0-2: Fly out, F8 (Flyball, 8LD)
Batting: LHB José Román 0-0: Ball
1-0: Ball
2-0: Called Strike
2-1: Foul Ball, location: 2F
2-2: Foul Ball, location: 2F
2-2: Fly out, F9 (Flyball, 89M)
Pinch Hitting: RHB Germán Gracía 0-0: DOUBLE (Line Drive, 8RD)
Batting: RHB Raúl Maradona 0-0: Fly out, F7 (Flyball, 7)
Bottom of the 7th over - 0 runs, 1 hit, 0 errors, 1 left on base; Galesburg 0 - Walla Walla 0
TOP OF THE 8TH
Galesburg Guzzlers batting - Pitching for Walla Walla Walleye : RHP Art Manning
Now at 2B: Germán Gracía
Batting: RHB Mei Kim 0-0: Ball
1-0: Ball
2-0: Called Strike
2-1: Ball
3-1: Base on Balls
Batting: LHB Kensaku Hatayama 0-0: Ball
1-0: Foul Ball, location: 2F
1-1: Fly out, F8 (Flyball, 8LS)
Batting: RHB Karl Wade 0-0: Ball
1-0: Ball
2-0: Fly out, F7 (Flyball, 7D)
Batting: RHB Gianni Martin 0-0: Ground out U3 (Groundball, 34S)
Top of the 8th over - 0 runs, 0 hits, 0 errors, 1 left on base; Galesburg 0 - Walla Walla 0
BOTTOM OF THE 8TH
Walla Walla Walleye batting - Pitching for Galesburg Guzzlers : LHP Jung-won Ping
Batting: RHB William Harper 0-0: Called Strike
0-1: Swinging Strike
0-2: Ball
1-2: Foul Ball, location: 2F
1-2: Ball
2-2: Ground out 5-3 (Groundball, 5S)
Batting: RHB Gustavo Ortíz 0-0: Swinging Strike
0-1: Ball
1-1: Fly out, F9 (Flyball, 9LD)
Pinch Hitting: RHB Igme Samson 0-0: Fly out, F4 (Line Drive, 4)
Bottom of the 8th over - 0 runs, 0 hits, 0 errors, 0 left on base; Galesburg 0 - Walla Walla 0
TOP OF THE 9TH
Galesburg Guzzlers batting - Pitching for Walla Walla Walleye : RHP Art Manning
Now at SS: Jesús Santillian
Batting: RHB Nestor Tantoco 0-0: Ball
1-0: Ball
2-0: Ball
3-0: Base on Balls
Pinch Runner at 1st Don Pokorski:
Batting: RHB Jack Stidston 0-0: Foul Ball, location: 2F
0-1: Foul Ball, location: 2F
0-2: Foul Ball, location: 2F
0-2: Strikes out swinging
Batting: RHB Daniel Carr 0-0: Ball
1-0: Foul Ball, location: 2F
1-1: Ball
2-1: Foul Ball, location: 2F
2-2: Grounds into double play, 4-6-3 (Groundball, 4)
Top of the 9th over - 0 runs, 0 hits, 0 errors, 0 left on base; Galesburg 0 - Walla Walla 0
BOTTOM OF THE 9TH
Walla Walla Walleye batting - Pitching for Galesburg Guzzlers : LHP Jung-won Ping
Pitching: RHP Branlyn Jaraba
Now at C: Ben Bowers
Pinch Hitting: RHB Alejandro Blasco 0-0: SINGLE (Flyball, 89M)
Batting: RHB Oliver Villalva 0-0: Sac Bunt - play at first, batter OUT! 1-4
Alejandro Blasco to second
Batting: LHB Andrés Rodríguez 0-0: Called Strike
0-1: Ball
1-1: Ball
2-1: Called Strike
2-2: Ball
3-2: Fly out, F3 (Popup, 34S)
Batting: LHB José Román 0-0: Called Strike
0-1: Ball
1-1: Foul Ball, location: 2F
1-2: Ball
2-2: Ball
3-2: Base on Balls
Batting: RHB Germán Gracía 0-0: Ball
1-0: Ball
2-0: Called Strike
2-1: Ball
3-1: Base on Balls
Alejandro Blasco to third
José Román to second
Batting: RHB Raúl Maradona 0-0: Foul Ball, location: 2F
0-1: Foul Ball, location: 2F
0-2: SINGLE (Line Drive, 34D)
Alejandro Blasco scores
Saturday, December 22nd, 2018 - OOTP Baseball 18.8 Build 76